 Dungeon Crawl Stone Soup version 0.29.1-12-g30fa7ad0bf (webtiles) character file.

Game seed: 16444357233382678281

46 Knoxx the Shield-Bearer (level 3, -4/33 HPs)
             Began as a Minotaur Fighter on Jan 17, 2023.
             Slain by a gnoll
             ... wielding a +0 flail
              (6 damage)
             ... on level 2 of the Dungeon.
             The game lasted 00:07:02 (895 turns).

Knoxx the Shield-Bearer (Minotaur Fighter)           Turns: 895, Time: 00:07:03

Health: -4/33      AC:  7    Str: 22    XL:     3   Next: 46%
Magic:  2/2        EV:  9    Int:  5    God:
Gold:   47         SH:  4    Dex:  9    Spells: 2/2 levels left

rFire   . . .      SeeInvis .   a - +0 war axe
rCold   . . .      Faith    .   c - +0 buckler
rNeg    . . .      Spirit   .   b - +0 scale mail
rPois   .          Reflect  .   (helmet restricted)
rElec   .          Harm     .   (no cloak)
rCorr   .          Rampage  .   (no gloves)
Will    .....                   (no boots)
Stlth   ..........              (no amulet)
HPRegen 0.11/turn               (no ring)
MPRegen 0.08/turn               (no ring)

@: no status effects
A: horns 2, retaliatory headbutt
a: no special abilities


You were on level 2 of the Dungeon.
You visited 1 branch of the dungeon, and saw 2 of its levels.

You collected 47 gold pieces.

Inventory:

Hand Weapons
 a - a +0 war axe (weapon)
 i - a +0 sling
Missiles
 f - 17 stones (quivered)
Armour
 b - a +0 scale mail (worn)
 c - a +0 buckler (worn)
Jewellery
 n - an amulet of faith
Scrolls
 g - a scroll of blinking {unknown}
 j - 3 scrolls of identify {unknown}
 k - a scroll of teleportation {unknown}
 l - a scroll of amnesia {unknown}
 m - a scroll of poison {unknown}
Potions
 d - a potion of might
 e - a potion of cancellation
 h - a potion of mutation {unknown}


   Skills:
 + Level 4.1 Fighting
 + Level 2.8 Axes
 + Level 4.2 Armour
 + Level 4.3 Shields


You had 2 spell levels left.
You didn't know any spells.
Your spell library was empty.

Dungeon Overview and Level Annotations

Branches:
Dungeon (2/15)

Altars:

Shops:
D:1 (


Innate Abilities, Weirdness & Mutations

You have a pair of horns on your head.
You reflexively headbutt those who attack you in melee.


Message History

A gnoll comes into view. It is wielding a +0 flail.
The ball python barely misses you. The ball python constricts you.
You escape the ball python's grasp.
You closely miss the ball python.
The ball python is severely wounded.
The gnoll shouts!
You hear a shout!
You block the ball python's attack. x2; The ball python closely misses you.
You furiously retaliate!
You headbutt the ball python!
You kill the ball python!
You slash the gnoll! Your headbutt misses the gnoll.
The gnoll is severely wounded.
You block the gnoll's attack. The gnoll attacks as you move away!
The gnoll closely misses you. The gnoll attacks as you move away!
The gnoll hits you with a +0 whip.
You barely miss the gnoll. You headbutt the gnoll.
The gnoll is almost dead.
You block the gnoll's attack. The gnoll closely misses you.
You furiously retaliate!
You headbutt the gnoll.
You kill the gnoll!
You barely miss the gnoll. The gnoll hits you but does no damage.
You slash the gnoll!
You headbutt the gnoll, but do no damage.
The gnoll is severely wounded.
You block the gnoll's attack. The gnoll hits you with a +0 flail!
You barely miss the gnoll.
The gnoll is severely wounded.
The gnoll barely misses you.
You hit the gnoll.
The gnoll is almost dead.
You block the gnoll's attack.
The gnoll hits you from afar with a +0 halberd!
* * * LOW HITPOINT WARNING * * *
It was a potion of cancellation.
You feel magically purged. The gnoll hits you with a +0 flail!
* * * LOW HITPOINT WARNING * * *
The gnoll closely misses you.
You barely miss the gnoll.
The gnoll is almost dead.
The gnoll hits you with a +0 flail.
You die...

......##.# ..
###.#####.# .#
#.#####.###.###..
#.......##......
#######.....# #
#.#...###..#
#...........
##.#..######
#@#..# ####g#..#
#...gg..#
#.#.....### ≈
#.....#......
≈≈≈≈#~~.~.~..~...
≈≈≈~~~~†~~~~.≈~~≈≈
~≈≈≈~~~~≈~.~~~~~≈~
~~~≈~~~~~~~~~≈~≈~≈


You could see 3 gnolls.

Vanquished Creatures
  A gnoll (D:2)
  An adder (D:2)
  A dart slug (D:1)
  2 ball pythons
  An endoplasm (D:1)
  A giant cockroach (D:1)
  3 hobgoblins (D:1)
  3 kobolds (D:1)
  A quokka (D:1)
  5 bats
  2 frilled lizards (D:1)
  2 goblins (D:1)
23 creatures vanquished.

Notes
Turn   | Place    | Note
-------+----------+-------------------------------------------
     0 | D:1      | Knoxx the Minotaur Fighter began the quest for the Orb.
     0 | D:1      | Reached XP level 1. HP: 19/19 MP: 0/0
    32 | D:1      | Found Bikhufuh's Weapon Boutique.
   200 | D:1      | Reached XP level 2. HP: 27/27 MP: 1/1
   803 | D:2      | Reached XP level 3. HP: 28/33 MP: 2/2
   895 | D:2      | Slain by a gnoll

Illustrated notes

Levels and vault maps discovered:
D:1:      onia_arrival_pyramid, layout_basic, serial_shops,
          nicolae_shop_bloodbath_and_beyond
D:2:      layout_loops_cross, ebering_ecumenical_altar_rust, serial_rivers,
          chequers_serial_rivers_micro_d, chequers_serial_rivers_large_a,
          chequers_serial_rivers_room_a, chequers_serial_rivers_micro_b,
          chequers_serial_rivers_room_b, minmay_circle_x

Skill      XL: |  1  2  3 |
---------------+----------+-----
Shields        | 4 |  4.3
Armour         | 4 |  4.2
Fighting       | 4 |  4.1
Axes           | |  2.8

Action                   || total
-------------------------++-------
Melee: War axe           ||    61
       Headbutt          ||     6
  Use: Potion            ||     1
Armor: Scale mail        ||    33
Dodge: Dodged            ||    30
Block: Buckler           ||    18
